 Dungeon Crawl Stone Soup version 0.28.0-45-g0d030f2227 (webtiles) character file.

Game seed: 3623835370721664344

22 Deadscale the Shield-Bearer (level 2, -1/26 HPs)
             Began as a Minotaur Fighter on Apr 17, 2022.
             Slain by a gnoll
             ... wielding a +0 club
              (2 damage)
             ... on level 2 of the Dungeon.
             The game lasted 00:01:10 (988 turns).

Deadscale the Shield-Bearer (Minotaur Fighter)       Turns: 988, Time: 00:01:11

Health: -1/26      AC:  6    Str: 20    XL:     2   Next: 68%
Magic:  1/1        EV:  9    Int:  5    God:
Gold:   70         SH:  4    Dex:  9    Spells: 1/1 levels left

rFire   . . .      SeeInvis .   a - +0 war axe
rCold   . . .      Faith    .   c - +0 buckler
rNeg    . . .      Spirit   .   b - +0 scale mail
rPois   .          Reflect  .   (helmet restricted)
rElec   .          Harm     .   (no cloak)
rCorr   .          Rampage  .   (no gloves)
Will    .....                   (no boots)
Stlth   ..........              (no amulet)
HPRegen 0.08/turn               (no ring)
MPRegen 0.07/turn               (no ring)

@: no status effects
A: horns 2, retaliatory headbutt
a: no special abilities


You were on level 2 of the Dungeon.
You visited 1 branch of the dungeon, and saw 2 of its levels.

You collected 70 gold pieces.


Innate Abilities, Weirdness & Mutations

You have a pair of horns on your head.
You reflexively headbutt those who attack you in melee.


   Skills:
 - Level 3.6 Fighting
 + Level 3.3(3.6) Axes
 + Level 2.0(2.9) Maces & Flails
 - Level 3.6 Armour
 - Level 3.6 Shields


You had one spell level left.
You didn't know any spells.
Your spell library was empty.

Inventory:

Hand Weapons
 a - a +0 war axe (weapon)
Missiles
 g - 41 stones (quivered)
Armour
 b - a +0 scale mail (worn)
 c - a +0 buckler (worn)
Scrolls
 e - a scroll of identify {unknown}
 j - 2 scrolls of teleportation {unknown}
Potions
 d - a potion of might
 f - 3 potions of heal wounds {unknown}
 h - 2 potions of curing {unknown}
 i - a potion of degeneration {unknown}
 k - a potion of resistance {unknown}
 l - a potion of lignification {unknown}

Dungeon Overview and Level Annotations

Branches:
Dungeon (2/15)

Altars:

#. ########## ..##.
##...##...# .....
####..)..<....
#.#...#####.............
............#...........
#.....##................
#.†..#####..........
##..## ##...##...# #..@#
########## ......#gg...#
.....###.g...# .....
......# ...# ......# #.#
......# .. .....##
.....#


You could see 3 gnolls.


Message History

No target in view!
You see here a hobgoblin corpse.
A rat comes into view.
A rat is nearby!
The rat barely misses you. You furiously retaliate!
You headbutt the rat.
You kill the rat!
No target in view!
No target in view!
A kobold comes into view. It is wielding a +0 short sword.
The kobold shouts!
A kobold is nearby!
The kobold hits you with a +0 short sword. 😕 HP[-3]
You take 3 damage, and now have 23/26 hp.
You closely miss the kobold. You block the kobold's attack.
A kobold is nearby!
You closely miss the kobold. Your headbutt misses the kobold.
The kobold hits you with a +0 short sword. 😮 HP[-5]
You take 5 damage, and now have 18/26 hp.
A kobold is nearby!
You are too injured to fight recklessly!
You are too injured to fight recklessly!
A kobold is nearby!
You are too injured to fight recklessly!
A kobold is nearby!
You are too injured to fight recklessly!
You are too injured to fight recklessly!
You slash the kobold!
You kill the kobold!
g - 41 stones (gained 4)
You see here a +0 short sword. 😮 HP[+1]
You now have 61 gold pieces (gained 13).
Done exploring. 😎 HP[+7]
Your hp is fully restored (26).
Done exploring.
Done exploring.
No target in view!
No target in view!
No target in view!
Search for what [? for help]? weapon Search for what [Enter for "weapon", or ? for help]? armour Search for what [Enter for "armour", or ? for help]? jewelry Can't find anything matching that.
There is a stone staircase leading down here.
Search for what [Enter for "jewelry", or ? for help]? altar You climb downwards.
The goblin shouts!
There is a stone staircase leading up here.
You closely miss the goblin. The goblin hits you but does no damage.
The goblin closely misses you.
You closely miss the goblin. You block the goblin's attack.
You closely miss the goblin. You headbutt the goblin.
You kill the goblin!
No target in view!
You now have 70 gold pieces (gained 9).
A ball python comes into view.
The ball python hisses angrily.
A gnoll comes into view. It is wielding a +0 spear.
The gnoll shouts!
You hear a shout! x2
You slash the ball python!
You kill the ball python!
A kobold and a gnoll come into view.
The kobold shouts!
The gnoll shouts!
A gnoll comes into view. It is wielding a +0 club.
The gnoll moves out of view.
The gnoll shouts!
You block the gnoll's attack.
You barely miss the kobold. The kobold hits you but does no damage.
The gnoll closely misses you.
You hit the kobold. The kobold barely misses you.
The gnoll hits you from afar with a +0 spear.
The kobold hits you but does no damage. 😕 HP[-5]
You take 5 damage, and now have 21/26 hp.
You slash the kobold!
You kill the kobold!
The gnoll closely misses you.
Your Maces & Flails skill increases to level 2!
You closely miss the gnoll. You slash the gnoll!
The gnoll hits you with a +0 club. The gnoll barely misses you.
You block the gnoll's attack. 😮 HP[-2]
You take 2 damage, and now have 19/26 hp.
You are too injured to fight recklessly!
You are too injured to fight recklessly!
You hit the gnoll. x2; The gnoll barely misses you.
The gnoll misses you. The gnoll hits you with a +0 club.
The gnoll hits you from afar with a +0 spear!
* * * LOW HITPOINT WARNING * * *
😨 HP[-12]
You take 12 damage, and now have 7/26 hp.
MASSIVE DAMAGE!! (PAUSE)
You hit the gnoll. You closely miss the gnoll.
The gnoll hits you with a +0 whip.
* * * LOW HITPOINT WARNING * * *
The gnoll hits you with a +0 club.
You die...

Skill      XL: |  1  2 |
---------------+-------+-----
Maces & Flails | 1 2 |  2.0
Axes           | 3 |  3.3
Fighting       | |  3.6
Armour         | |  3.6
Shields        | |  3.6

Action                   || total
-------------------------++-------
Melee: War axe           ||    37
       Headbutt          ||     2
Armor: Scale mail        ||    13
Dodge: Dodged            ||    21
Block: Buckler           ||     8

Levels and vault maps discovered:
D:1:      lightli_arrival_flooded_house, layout_basic,
          ebering_ecumenical_altar_sacrificial
D:2:      layout_rooms

Notes
Turn   | Place    | Note
-------+----------+-------------------------------------------
     0 | D:1      | Deadscale the Minotaur Fighter began the quest for the Orb.
     0 | D:1      | Reached XP level 1. HP: 19/19 MP: 0/0
     0 | D:1      | magus.rc [v1.11.3]
   102 | D:1      | Reached skill level 1 in Maces & Flails
   331 | D:1      | Found a faded altar of an unknown god.
   335 | D:1      | Reached XP level 2. HP: 26/26 MP: 1/1
   337 | D:1      | Reached skill level 3 in Axes
   986 | D:2      | Reached skill level 2 in Maces & Flails
   988 | D:2      | HP: 1/26 [gnoll/+0 whip (6)]
   988 | D:2      | Slain by a gnoll

Vanquished Creatures
  A ball python (D:2)
  2 endoplasms (D:1)
  A giant cockroach (D:1)
  2 goblins
  2 hobgoblins (D:1)
  4 jackals (D:1)
  3 kobolds
  A quokka (D:1)
  2 rats (D:1)
18 creatures vanquished.

Table legend:
 A = Non-vault XP
 B = Vault XP
 C = Vault XP percentage of total XP
 D = Non-vault monster count
 E = Vault monster count
 F = Vault count percentage of total count
                 A         B        C        D         E       F
            +---------+---------+-------+---------+---------+-------
      Total |      32 |       0 |   0.0 |      18 |       0 |   0.0
            +---------+---------+-------+---------+---------+-------
        D:1 |      28 |       0 |   0.0 |      15 |       0 |   0.0
        D:2 |       4 |       0 |   0.0 |       3 |       0 |   0.0
            +---------+---------+-------+---------+---------+-------

Illustrated notes

Table legend:
 A = Kills in this place as a percentage of kills in entire the game.
 B = Kills by you in this place as a percentage of kills by you in the entire game.
 C = Kills by friends in this place as a percentage of kills by friends in the entire game.
 D = Other kills in this place as a percentage of other kills in the entire game.
 E = Experience gained in this place as a percentage of experience gained in the entire game.
 F = Experience gained in this place divided by the number of levels of this place that you have seen.
                   A       B       C       D       E      F
               +-------+-------+-------+-------+-------+----------------------
         Total | 100.0 | 100.0 |   N/A |   N/A | 100.0 |  16.0
       Dungeon | 100.0 | 100.0 |   N/A |   N/A | 100.0 |  16.0
               +-------+-------+-------+-------+-------+----------------------

Table legend: (Time is in decaauts)
 A = Elapsed time spent in this place.
 B = Non-inter-level travel time spent in this place.
 C = Inter-level travel time spent in this place.
 D = Time resting spent in this place.
 E = Time spent auto-exploring this place.
 F = Levels seen in this place.
 G = Mean time per level.
                   A        B        C        D        E       F      G
               +--------+--------+--------+--------+--------+-----+--------+
         Total |   1001 |    950 |     51 |      0 |    843 |   2 |  500.5 |
       Dungeon |   1001 |    950 |     51 |      0 |    843 |   2 |  500.5 |
               +--------+--------+--------+--------+--------+-----+--------+

Top non-repeatable levels by time:
     D:1: 960 daAuts
     D:2: 41 daAuts
